 Dungeon Crawl Stone Soup version 0.31-a0-177-g4aa6249778 (webtiles) character file.

Game seed: 6717043778986504371

37513 qw the Blocker (level 13, -4/82 HPs)
             Began as a Gargoyle Fighter on June 18, 2023.
             Was an Elder of Okawaru.
             Slain by a death yak (13 damage)
             ... on level 5 of the Lair of Beasts.
             The game lasted 00:08:11 (13746 turns).

qw the Blocker (Gargoyle Fighter)                  Turns: 13746, Time: 00:08:12

Health: -4/82      AC: 29    Str: 31    XL:     13   Next: 97%
Magic:  15/20      EV: 10    Int: 11    God:    Okawaru [****..]
Gold:   1307       SH: 25    Dex:  9    Spells: 12/12 levels left

rFire   . . .        b - +3 broad axe of the Black Skies {venom, SInv}
rCold   . . .        x - +0 tower shield
rNeg    + + .        z - +0 plate armour
rPois   inf          r - +1 helmet of Fanaticism {Str+2}
rElec   +            (no cloak)
rCorr   .            o - +0 pair of gloves
SInv    +            (no boots)
Will    .....        c - amulet of reflection Stlth
                     a - +6 ring of strength
HPRegen 0.33/turn    y - ring of positive energy
MPRegen 0.17/turn

%: reflection
@: about to teleport, heroic, finesse-ful, very slow
A: sickness immunity, AC +9, negative energy resistance 1, electricity
resistance, torment resistance 1, petrification resistance
a: Renounce Religion, Heroism, Finesse


You were on level 5 of the Lair of Beasts.
You worshipped Okawaru.
Okawaru was greatly pleased with you.
You visited 3 branches of the dungeon, and saw 17 of its levels.
You also visited: Ossuary.

You collected 1417 gold pieces.
You spent 110 gold pieces at shops.


Innate Abilities, Weirdness & Mutations

You are immune to sickness and miasma.
Your stone body is resilient. (AC +9)
You are immune to poison.
You resist negative energy. (rN+)
You are resistant to electric shocks. (rElec)
You are resistant to unholy torment.
You are immune to petrification.


   Skills:
 - Level 10.0(15.0) Fighting
 + Level 12.2(17.2) Axes
 - Level 4.0(9.0) Throwing
 - Level 8.0(13.0) Armour
 - Level 2.6(7.6) Dodging
 - Level 14.8(19.8) Shields
 - Level 10.0 Invocations


You had 12 spell levels left.
You didn't know any spells.
Your spell library was empty.

Inventory:

Hand Weapons
 b - the +3 broad axe of the Black Skies (weapon) {venom, SInv}
   (You acquired it on level 4 of the Dungeon)

   SInv:      It lets you see invisible.
 h - a +1 war axe
 k - a +0 morningstar of draining
 q - a +0 flail
 s - a +1 mace of holy wrath
Missiles
 w - 14 boomerangs
 B - a silver boomerang (quivered)
Armour
 o - a +0 pair of gloves (worn)
 r - the +1 helmet of Fanaticism (worn) {Str+2}
   (You acquired it on level 6 of the Dungeon)

   Str:       It affects your strength (+2).
 x - a +0 tower shield (worn)
 z - a +0 plate armour (worn)
Jewellery
 a - a +6 ring of strength (left hand)
 c - an amulet of reflection (around neck)
 y - a ring of positive energy (right hand)
Wands
 j - a wand of digging (5)
Scrolls
 i - 5 scrolls of identify
 n - a scroll of torment {unknown}
 p - 5 scrolls of teleportation
 t - a scroll of enchant weapon
Potions
 d - 7 potions of might
 e - 2 potions of haste
 f - 5 potions of curing
 g - a potion of lignification
 l - 3 potions of enlightenment
 m - a potion of cancellation
 u - a potion of resistance
 v - 2 potions of magic
 A - a potion of attraction

Dungeon Overview and Level Annotations

Branches:
Dungeon (11/15)            Temple (1/1) D:4            Lair (5/5) D:10
 Shoals (0/4) Lair:2        Snake (0/4) Lair:2          Orc (0/2) D:9
Ossuary (visited)
  Slime: Lair:4-5

Altars:
Ashenzari
Cheibriados
Dithmenos
Elyvilon
Fedhas
Gozag
Hepliaklqana
Kikubaaqudgha
Makhleb
Nemelex Xobeh
Okawaru
Qazlal
Ru
Sif Muna
Trog
Uskayaw
Vehumet
Wu Jian
Xom
Yredelemnul
Zin
The Shining One

Shops:
D:3 *

Annotations:
D:7 1 runed translucent door, Crazy Yiuf
D:9 exclusion: obsidian statue


Message History

You hit the death yak but do no damage.
The death yak looks as sick as possible!
The death yak is heavily wounded.
You slash the komodo dragon!
The komodo dragon is poisoned.
You block the komodo dragon's attack.
You hit the death yak but do no damage.
The death yak looks as sick as possible!
The death yak is heavily wounded.
You slash the komodo dragon!
The komodo dragon looks as sick as possible!
Your unstable footing causes you to fumble your attack.
The death yak gores you but does no damage.
Your unstable footing causes you to fumble your attack.
The komodo dragon hisses menacingly.
You block the komodo dragon's attack.
Your unstable footing causes you to fumble your attack.
You feel like a meek peon again.
The death yak gores you but does no damage. x2
13742 ||| INVOKING Heroism.
You gain the combat prowess of a mighty hero.
You can no longer enter into single combat with a foe.
Okawaru will no longer gift you equipment.
The komodo dragon bites you but does no damage.
The death yak gores you!
13743 ||| READING 6 scrolls of teleportation.
As you read the scroll of teleportation, it crumbles to dust.
You feel strangely unstable. You block the komodo dragon's attack.
You block the death yak's attack. The death yak gores you.
Your unstable footing causes you to fumble your attack.
You block the komodo dragon's attack.
You slice the komodo dragon!!
You kill the komodo dragon!
Okawaru accepts your kill.
You barely miss the death yak. You hit the death yak. You slash the death yak!
The death yak is poisoned.
Your unstable footing causes you to fumble your attack.
The death yak gores you but does no damage.
The death yak gores you!
You die...

P~...~####
..~~...~~##### ..
~~~~~~....~.###.. .
P~~~~~~~~~~.~... ~~
#~~~~~~~~~~.~P. ~~~~#
#~~~~~~~~~~~...
~~~~~###~~~~~~~~~~~..
~~~~~~####~~~Y~~~Y~..
~~~~~~#~~%~~~@Y~~~~~% #
.~~~~~~~~~~~~YY~~~~~.
#~######(~~.%~~~~~~~~~~.
~~.~##~~~~~~.~~~~~~~~~~.
~~~~.~~?.%~~~.~~~~~~~~..
~~~~~~~.(|}~~~~~~~~~~~.P
~~~~~.~~)).~~.~~~~~~P~..
~~~~~~.~~%~~##~#~~~~~~.#
~~~~~~..~~#######~##~


You could see 4 death yaks and a dream sheep.

Vanquished Creatures
  2 hydras
  2 two-headed ogres (D:9)
  A boulder beetle (Lair:3)
  Nergalle (Lair:2)
  2 skysharks
  A goliath frog (Lair:5)
  11 elephants
  Joseph (D:7)
  A black mamba (Lair:5)
  2 gargoyles (D:7)
  A torpor snail (Lair:3)
  Maggie (Lair:2)
  18 cane toads
  9 komodo dragons
  3 rime drakes
  A polar bear (Lair:1)
  22 blink frogs
  A tyrant leech (Lair:5)
  A hornet (D:9)
  3 dream sheep (Lair:5)
  A shadow (D:9)
  2 wyverns
  31 yaks
  A wraith (D:10)
  Eustachio (D:5)
  A basilisk (Lair:5)
  3 vampire mosquitoes (Lair:5)
  A steam dragon (D:7)
  2 wargs (D:10)
  4 nagas (Lair:2)
  12 water moccasins
  3 orc warriors
  A swamp drake (D:9)
  Pargi (D:3)
  2 ice beasts
  3 black bears
  An ogre (D:9)
  18 wolves
  5 centaurs
  2 kobold brigands
  14 bullfrogs
  A gnoll sergeant (D:7)
  A scorpion (D:4)
  4 wights (D:8)
  9 killer bees
  3 howler monkeys
  7 electric eels
  A jelly (D:6)
  2 gnoll boudas
  3 hounds
  6 orc priests
  2 iguanas
  A sleepcap (D:6)
  5 orc wizards
  Robin (D:3)
  17 gnolls
  4 adders
  2 white imps
  A worm (D:4)
  3 dart slugs
  40 orcs
  6 endoplasms
  4 giant cockroaches
  4 gnoll zombies (Ossuary)
  12 hobgoblins
  3 quokkas
  5 ball pythons
  2 bats
  3 frilled lizards
  2 gnoll skeletons (Ossuary)
  13 goblins
  A goblin skeleton (Ossuary)
  4 goblin zombies (Ossuary)
  2 hobgoblin zombies (Ossuary)
  8 kobolds
  4 kobold zombies (Ossuary)
  3 orc skeletons (Ossuary)
  5 rats
  3 rat skeletons (Ossuary)
  2 rat zombies (Ossuary)
392 creatures vanquished.

Notes
Turn   | Place    | Note
-------+----------+-------------------------------------------
     0 | D:1      | qw the Gargoyle Fighter began the quest for the Orb.
     0 | D:1      | Reached XP level 1. HP: 14/14 MP: 1/1
     0 | D:1      | 0 ||| qw: Version: 0.3-a-5-g6f28e65
     0 | D:1      | 0 ||| qw: Game counter: 557
     0 | D:1      | 0 ||| qw: Always use a shield: true
     0 | D:1      | 0 ||| qw: God list: Okawaru
     0 | D:1      | 0 ||| qw: Allow faded altars: false
     0 | D:1      | 0 ||| qw: Do Orc after D:15 true
     0 | D:1      | 0 ||| qw: Do second Lair branch before Depths: true
     0 | D:1      | 0 ||| qw: Lair rune preference: random
     0 | D:1      | 0 ||| qw: Plans: Normal, Zot:1-4, Slime:5, God:TSO, Crypt,
                  | Tomb, Abyss, Pan, Hells, Win
     0 | D:1      | 0 ||| PLANNING D:1-11
    94 | D:1      | 94 ||| Stepping ~*~*~tactically~*~*~ (hiding).
   258 | D:1      | Reached XP level 2. HP: 12/19 MP: 2/2
   921 | D:1      | 921 ||| READING scroll labelled MAUCATAINI.
   922 | D:1      | 922 ||| READING 2 scrolls labelled VAN OFIVE LAEKABB.
   923 | D:1      | 923 ||| READING scroll labelled PIMNOR QIXU.
   924 | D:1      | 924 ||| DRINKING 2 golden potions.
  1226 | D:2      | Reached skill level 3 in Axes
  1306 | D:2      | 1306 ||| DROPPING +0 club.
  1548 | D:2      | Reached XP level 3. HP: 23/23 MP: 3/3
  1840 | D:2      | 1840 ||| UPGRADING to +0 kite shield.
  1850 | D:2      | 1850 ||| DROPPING +0 buckler.
  1851 | D:2      | 1851 ||| UPGRADING to +6 ring of strength.
  1852 | D:2      | 1852 ||| READING scroll labelled IXEK SIUTAPAF.
  1853 | D:2      | 1853 ||| READING 2 scrolls labelled SOAMMO COREONEL.
  1858 | D:2      | 1858 ||| DRINKING 2 fizzy purple potions.
  1859 | D:2      | 1859 ||| READING 2 scrolls of identify.
  1859 | D:2      | 1859 ||| IDENTIFYING coppery potion
  1860 | D:2      | 1860 ||| DRINKING potion of experience.
  1860 | D:2      | Reached skill level 11 in Shields
  1860 | D:2      | Reached XP level 4. HP: 28/28 MP: 4/4
  1878 | D:3      | Noticed Pargi
  1883 | D:3      | 1883 ||| Stepping ~*~*~tactically~*~*~ (stealth).
  1899 | D:3      | HP: 3/28 [Pargi (7)]
  1900 | D:3      | 1900 ||| READING scroll of teleportation.
  2053 | D:3      | Killed Pargi
  2054 | D:3      | Reached XP level 5. HP: 27/32 MP: 5/5
  2078 | D:3      | Found Hesat's General Store.
  2083 | D:3      | 2083 ||| BUYING 2 potions of might (88 gold).
  2083 | D:3      | Bought 2 potions of might for 88 gold pieces
  2083 | D:3      | 2083 ||| BUYING scroll of identify (22 gold).
  2083 | D:3      | Bought a scroll of identify for 22 gold pieces
  2198 | D:3      | Found a faded altar of an unknown god.
  2206 | D:3      | 2206 ||| Stepping ~*~*~tactically~*~*~ (hiding).
  2207 | D:3      | 2207 ||| Stepping ~*~*~tactically~*~*~ (hiding).
  2393 | D:3      | Noticed Robin
  2422 | D:3      | Killed Robin
  2516 | D:3      | 2516 ||| DROPPING +0 whip.
  2768 | D:3      | 2768 ||| UPGRADING to +1 hat.
  2773 | D:3      | 2773 ||| UPGRADING to +0 helmet.
  2783 | D:3      | 2783 ||| DROPPING +1 hat.
  2784 | D:3      | 2784 ||| UPGRADING to +0 pair of gloves.
  2789 | D:3      | 2789 ||| UPGRADING to amulet of the acrobat.
  2794 | D:3      | 2794 ||| READING 4 scrolls of identify.
  2794 | D:3      | 2794 ||| IDENTIFYING yellow potion
  2813 | D:4      | Reached XP level 6. HP: 37/37 MP: 6/6
  2980 | D:4      | 2980 ||| DROPPING +10 club.
  3027 | D:4      | Found a staircase to the Ecumenical Temple.
  3028 | D:4      | 3028 ||| PLANNING TEMPLE
  3028 | D:4      | 3028 ||| UPGRADING to amulet of reflection.
  3038 | D:4      | 3038 ||| DROPPING amulet of the acrobat.
  3047 | Temple   | Entered the Ecumenical Temple
  3202 | Temple   | 3202 ||| PLANNING D:1-11
  3276 | D:4      | Noticed a black bear
  3280 | D:4      | Killed a black bear
  3289 | D:4      | 3289 ||| Stepping ~*~*~tactically~*~*~ (stealth).
  3309 | D:4      | 3309 ||| Stepping ~*~*~tactically~*~*~ (stealth).
  3465 | D:4      | 3465 ||| Stepping ~*~*~tactically~*~*~ (stealth).
  3471 | D:4      | Reached skill level 1 in Throwing
  3471 | D:4      | Reached XP level 7. HP: 41/41 MP: 7/7
  3579 | D:4      | 3579 ||| Stepping ~*~*~tactically~*~*~ (stealth).
  3744 | D:4      | 3744 ||| UPGRADING to +2 ring mail of fire resistance.
  3754 | D:4      | 3754 ||| DROPPING +0 scale mail.
  3755 | D:4      | 3755 ||| READING scroll labelled NOBELOABUFF.
  3755 | D:4      | Identified a scroll of acquirement
  3755 | D:4      | 3755 ||| ACQUIRING +3 broad axe of the Black Skies {venom,
                  | SInv}
  3755 | D:4      | Acquired the +3 broad axe of the Black Skies {venom, SInv}
  3757 | D:4      | 3757 ||| SWAPPING to +3 broad axe of the Black Skies
                  | {venom, SInv}.
  3763 | D:5      | Entered Level 5 of the Dungeon
  3805 | D:5      | Noticed Eustachio
  3825 | D:5      | Killed Eustachio
  3826 | D:5      | Reached skill level 1 in Dodging
  3839 | D:5      | Found a sparkling altar of Nemelex Xobeh.
  4084 | D:5      | 4084 ||| Stepping ~*~*~tactically~*~*~ (stealth).
  4086 | D:5      | 4086 ||| Stepping ~*~*~tactically~*~*~ (stealth).
  4088 | D:5      | 4088 ||| Stepping ~*~*~tactically~*~*~ (stealth).
  4220 | D:5      | Reached XP level 8. HP: 48/48 MP: 8/8
  4427 | D:5      | 4427 ||| UPGRADING to +0 chain mail.
  4437 | D:5      | 4437 ||| DROPPING +2 leather armour of cold resistance.
  4438 | D:5      | 4438 ||| DRINKING 2 fuming puce potions.
  4439 | D:5      | 4439 ||| READING 7 scrolls of identify.
  4439 | D:5      | 4439 ||| IDENTIFYING bubbling emerald potion
  4440 | D:5      | 4440 ||| DROPPING potion of degeneration.
  4517 | D:6      | 4517 ||| READING scroll of acquirement.
  4517 | D:6      | 4517 ||| ACQUIRING +1 helmet of Fanaticism {Str+2}
  4517 | D:6      | Acquired the +1 helmet of Fanaticism {Str+2}
  4519 | D:6      | 4519 ||| UPGRADING to +1 helmet of Fanaticism {Str+2}.
  4529 | D:6      | 4529 ||| DROPPING +0 helmet.
  4557 | D:6      | Reached skill level 6 in Axes
  4586 | D:6      | 4586 ||| DROPPING scarf of harm.
  4843 | D:6      | 4843 ||| READING scroll labelled WOMEJIP PILACW.
  4844 | D:6      | 4844 ||| READING scroll labelled VUPNOO POZXE.
  4845 | D:6      | 4845 ||| READING scroll labelled XIVAPL OHORPH.
  4846 | D:6      | 4846 ||| READING 6 scrolls of identify.
  4846 | D:6      | 4846 ||| IDENTIFYING bubbling sapphire potion
  4847 | D:6      | 4847 ||| READING 5 scrolls of identify.
  4847 | D:6      | 4847 ||| IDENTIFYING emerald potion
  4865 | D:7      | 4865 ||| PLANNING OSSUARY
  4881 | D:7      | Noticed a gargoyle
  4882 | D:7      | 4882 ||| Stepping ~*~*~tactically~*~*~ (hiding).
  4884 | D:7      | 4884 ||| Stepping ~*~*~tactically~*~*~ (hiding).
  4886 | D:7      | 4886 ||| Stepping ~*~*~tactically~*~*~ (hiding).
  4898 | D:7      | Killed a gargoyle
  4990 | D:7      | 4990 ||| FLEEEEING.
  4991 | D:7      | 4991 ||| FLEEEEING.
  4992 | D:7      | 4992 ||| FLEEEEING.
  4993 | D:7      | 4993 ||| FLEEEEING.
  4994 | D:7      | 4994 ||| FLEEEEING.
  4995 | D:7      | 4995 ||| FLEEEEING.
  5024 | D:7      | Reached XP level 9. HP: 51/52 MP: 9/9
  5052 | D:7      | Found a sand-covered staircase.
  5072 | D:7      | 5072 ||| Stepping ~*~*~tactically~*~*~ (stealth).
  5073 | D:7      | 5073 ||| Stepping ~*~*~tactically~*~*~ (stealth).
  5074 | D:7      | 5074 ||| Stepping ~*~*~tactically~*~*~ (stealth).
  5076 | D:7      | 5076 ||| Stepping ~*~*~tactically~*~*~ (hiding).
  5077 | D:7      | 5077 ||| Stepping ~*~*~tactically~*~*~ (hiding).
  5087 | D:7      | 5087 ||| FLEEEEING.
  5166 | D:7      | 5166 ||| Stepping ~*~*~tactically~*~*~ (hiding).
  5168 | D:7      | 5168 ||| Stepping ~*~*~tactically~*~*~ (hiding).
  5170 | D:7      | 5170 ||| Stepping ~*~*~tactically~*~*~ (hiding).
  5175 | D:7      | Noticed a gargoyle
  5176 | D:7      | 5176 ||| Stepping ~*~*~tactically~*~*~ (stealth).
  5187 | D:7      | Killed a gargoyle
  5422 | Ossuary  | Entered an ossuary
  5452 | Ossuary  | 5452 ||| FLEEEEING.
  5453 | Ossuary  | 5453 ||| FLEEEEING.
  5454 | Ossuary  | 5454 ||| FLEEEEING.
  5455 | Ossuary  | 5455 ||| FLEEEEING.
  5456 | Ossuary  | 5456 ||| FLEEEEING.
  5457 | Ossuary  | 5457 ||| FLEEEEING.
  5458 | Ossuary  | 5458 ||| FLEEEEING.
  5477 | Ossuary  | 5477 ||| FLEEEEING.
  5633 | Ossuary  | 5633 ||| FLEEEEING.
  5634 | Ossuary  | 5634 ||| FLEEEEING.
  5635 | Ossuary  | 5635 ||| FLEEEEING.
  5636 | Ossuary  | 5636 ||| FLEEEEING.
  5760 | D:7      | 5760 ||| PLANNING D:1-11
  5863 | D:7      | Found an iron altar of Okawaru.
  5864 | D:7      | 5864 ||| PLANNING OKAWARU WORSHIP
  5866 | D:7      | Became a worshipper of Warmaster Okawaru
  5867 | D:7      | 5867 ||| PLANNING D:1-11
  5952 | D:7      | 5952 ||| Stepping ~*~*~tactically~*~*~ (cloud).
  5977 | D:7      | Found a glowing golden altar of the Shining One.
  5999 | D:7      | Noticed Joseph
  6000 | D:7      | 6000 ||| Stepping ~*~*~tactically~*~*~ (hiding).
  6016 | D:7      | Killed Joseph
  6017 | D:7      | Reached skill level 6 in Fighting
  6047 | D:7      | Found a shimmering blue altar of Sif Muna.
  6047 | D:7      | Found a hide-covered altar of Uskayaw.
  6405 | D:7      | Found a runed translucent door.
  6406 | D:7      | Noticed Crazy Yiuf
  6409 | D:7      | 6409 ||| READING scroll labelled EZOCUALAOBB.
  6495 | D:8      | Found a snail-covered altar of Cheibriados.
  6636 | D:8      | Found a broken altar of Ashenzari.
  6640 | D:8      | Saw a vision of the Shoals and the Snake Pit.
  6640 | D:8      | Noticed a black mamba
  6640 | D:8      | Noticed a salamander
  6640 | D:8      | Noticed a naga ritualist
  6640 | D:8      | Noticed a naga sharpshooter
  6640 | D:8      | Noticed a merfolk
  6640 | D:8      | Noticed a merfolk
  6640 | D:8      | Noticed a wind drake
  6640 | D:8      | Noticed a wind drake
  6640 | D:8      | Noticed a merfolk
  6640 | D:8      | Noticed a manticore
  6640 | D:8      | Noticed a skyshark
  6641 | D:8      | Noticed a naga mage
  6687 | D:8      | 6687 ||| Stepping ~*~*~tactically~*~*~ (stealth).
  6688 | D:8      | 6688 ||| Stepping ~*~*~tactically~*~*~ (stealth).
  6696 | D:8      | Reached * piety under Okawaru
  6715 | D:8      | Found a bloodstained altar of Trog.
  6790 | D:8      | 6790 ||| Stepping ~*~*~tactically~*~*~ (stealth).
  6796 | D:8      | 6796 ||| INVOKING Heroism.
  6798 | D:8      | Reached XP level 10. HP: 42/61 MP: 7/10
  6806 | D:8      | Reached skill level 1 in Invocations
  6807 | D:8      | Reached skill level 9 in Axes
  6956 | D:8      | 6956 ||| Stepping ~*~*~tactically~*~*~ (stealth).
  7125 | D:8      | Found a glowing silver altar of Zin.
  7260 | D:8      | 7260 ||| UPGRADING to ring of positive energy.
  7261 | D:8      | 7261 ||| READING scroll labelled QOOB DIUSMAJ.
  7262 | D:8      | 7262 ||| READING scroll labelled NOOTZOPU SEFI.
  7309 | D:9      | Noticed an obsidian statue
  7310 | D:9      | 7310 ||| INVOKING Heroism.
  7312 | D:9      | Noticed a sun demon
  7316 | D:9      | Noticed a rust devil
  7327 | D:9      | HP: 12/61 [ice devil[an obsidian statue] (8)]
  7328 | D:9      | 7328 ||| READING 4 scrolls of teleportation.
  7329 | D:9      | 7329 ||| DRINKING potion of heal wounds.
  7332 | D:9      | Noticed a two-headed ogre
  7333 | D:9      | 7333 ||| READING 3 scrolls of teleportation.
  7334 | D:9      | 7334 ||| INVOKING Heroism.
  7337 | D:9      | Found a shadowy altar of Dithmenos.
  7346 | D:9      | Killed a two-headed ogre
  7346 | D:9      | Reached ** piety under Okawaru
  7347 | D:9      | Reached skill level 3 in Invocations
  7574 | D:9      | 7574 ||| INVOKING Heroism.
  7646 | D:9      | Found a faded altar of an unknown god.
  7650 | D:9      | Found a hazy altar of Hepliaklqana.
  7661 | D:9      | Found a basalt altar of Yredelemnul.
  7727 | D:9      | 7727 ||| Stepping ~*~*~tactically~*~*~ (water).
  7810 | D:9      | 7810 ||| Stepping ~*~*~tactically~*~*~ (hiding).
  7859 | D:9      | Found a staircase to the Orcish Mines.
  7861 | D:9      | 7861 ||| Stepping ~*~*~tactically~*~*~ (stealth).
  7864 | D:9      | 7864 ||| INVOKING Heroism.
  7878 | D:9      | 7878 ||| INVOKING Heroism.
  8090 | D:9      | 8090 ||| INVOKING Heroism.
  8090 | D:9      | Noticed a two-headed ogre
  8096 | D:9      | 8096 ||| Stepping ~*~*~tactically~*~*~ (water).
  8100 | D:9      | Killed a two-headed ogre
  8100 | D:9      | Reached *** piety under Okawaru
  8101 | D:9      | Reached skill level 3 in Throwing
  8101 | D:9      | Reached XP level 11. HP: 35/67 MP: 12/14
  8257 | D:9      | 8257 ||| INVOKING Heroism.
  8468 | D:9      | 8468 ||| READING scroll labelled PUTIPU PUWN.
  8482 | D:10     | Entered Level 10 of the Dungeon
  8524 | D:10     | 8524 ||| Stepping ~*~*~tactically~*~*~ (stealth).
  8542 | D:10     | You fall into a shaft and drop 1 floor!
  8598 | D:10     | 8598 ||| Stepping ~*~*~tactically~*~*~ (hiding).
  8599 | D:10     | 8599 ||| Stepping ~*~*~tactically~*~*~ (hiding).
  8602 | D:10     | 8602 ||| Stepping ~*~*~tactically~*~*~ (stealth).
  8606 | D:10     | 8606 ||| Stepping ~*~*~tactically~*~*~ (stealth).
  8608 | D:10     | 8608 ||| INVOKING Heroism.
  8620 | D:10     | 8620 ||| Stepping ~*~*~tactically~*~*~ (stealth).
  8621 | D:10     | 8621 ||| Stepping ~*~*~tactically~*~*~ (hiding).
  8626 | D:10     | 8626 ||| Stepping ~*~*~tactically~*~*~ (hiding).
  8635 | D:10     | 8635 ||| INVOKING Heroism.
  8754 | D:10     | Found a staircase to the Lair.
  8836 | D:10     | 8836 ||| Stepping ~*~*~tactically~*~*~ (stealth).
  8837 | D:10     | 8837 ||| Stepping ~*~*~tactically~*~*~ (stealth).
  8970 | D:10     | Found a flagged portal.
  9145 | D:10     | 9145 ||| Stepping ~*~*~tactically~*~*~ (stealth).
  9147 | D:10     | 9147 ||| Stepping ~*~*~tactically~*~*~ (stealth).
  9152 | D:10     | 9152 ||| INVOKING Heroism.
  9283 | D:10     | 9283 ||| PLANNING LAIR
  9283 | D:10     | 9283 ||| UPGRADING to +0 tower shield.
  9293 | D:10     | 9293 ||| DROPPING +0 kite shield.
  9294 | D:10     | 9294 ||| READING scroll labelled SASINT TAUFAJE.
  9320 | Lair:1   | Entered Level 1 of the Lair of Beasts
  9362 | Lair:1   | Reached skill level 12 in Shields
  9405 | Lair:1   | 9405 ||| Stepping ~*~*~tactically~*~*~ (stealth).
  9406 | Lair:1   | 9406 ||| Stepping ~*~*~tactically~*~*~ (stealth).
  9458 | Lair:1   | Found a dark tunnel.
  9464 | Lair:1   | 9464 ||| INVOKING Heroism.
  9504 | Lair:1   | 9504 ||| INVOKING Heroism.
  9525 | Lair:1   | 9525 ||| INVOKING Heroism.
  9579 | Lair:1   | 9579 ||| INVOKING Heroism.
  9755 | Lair:1   | Reached skill level 13 in Shields
  9832 | Lair:1   | 9832 ||| INVOKING Heroism.
 10151 | Lair:1   | 10151 ||| DROPPING +2 ring mail of fire resistance.
 10152 | Lair:1   | 10152 ||| UPGRADING to +0 plate armour.
 10162 | Lair:1   | 10162 ||| DROPPING +0 chain mail.
 10163 | Lair:1   | 10163 ||| READING 7 scrolls of identify.
 10163 | Lair:1   | 10163 ||| IDENTIFYING purple potion
 10164 | Lair:1   | 10164 ||| READING 6 scrolls of identify.
 10164 | Lair:1   | 10164 ||| IDENTIFYING red potion
 10165 | Lair:1   | 10165 ||| READING 5 scrolls of identify.
 10165 | Lair:1   | 10165 ||| IDENTIFYING metallic red potion
 10166 | Lair:1   | 10166 ||| DROPPING potion of ambrosia.
 10277 | Lair:2   | 10277 ||| INVOKING Heroism.
 10287 | Lair:2   | Reached skill level 6 in Armour
 10349 | Lair:2   | 10349 ||| INVOKING Heroism.
 10350 | Lair:2   | 10350 ||| Stepping ~*~*~tactically~*~*~ (stealth).
 10352 | Lair:2   | 10352 ||| Stepping ~*~*~tactically~*~*~ (stealth).
 10353 | Lair:2   | 10353 ||| Stepping ~*~*~tactically~*~*~ (stealth).
 10374 | Lair:2   | 10374 ||| INVOKING Heroism.
 10510 | Lair:2   | 10510 ||| INVOKING Heroism.
 10538 | Lair:2   | 10538 ||| INVOKING Heroism.
 10605 | Lair:2   | 10605 ||| Stepping ~*~*~tactically~*~*~ (stealth).
 10606 | Lair:2   | 10606 ||| INVOKING Heroism.
 10620 | Lair:2   | Noticed Maggie
 10624 | Lair:2   | Reached XP level 12. HP: 73/73 MP: 15/15
 10624 | Lair:2   | 10624 ||| Stepping ~*~*~tactically~*~*~ (hiding).
 10633 | Lair:2   | 10633 ||| INVOKING Heroism.
 10641 | Lair:2   | Killed Maggie
 10670 | Lair:2   | 10670 ||| Stepping ~*~*~tactically~*~*~ (stealth).
 10675 | Lair:2   | 10675 ||| Stepping ~*~*~tactically~*~*~ (hiding).
 10677 | Lair:2   | 10677 ||| Stepping ~*~*~tactically~*~*~ (hiding).
 10902 | Lair:2   | Found a staircase to the Snake Pit.
 11068 | Lair:2   | Noticed Nergalle
 11070 | Lair:2   | 11070 ||| INVOKING Heroism.
 11083 | Lair:2   | Killed Nergalle
 11137 | Lair:2   | Found a staircase to the Shoals.
 11142 | Lair:2   | 11142 ||| INVOKING Heroism.
 11152 | Lair:2   | Reached **** piety under Okawaru
 11163 | Lair:2   | 11163 ||| INVOKING Heroism.
 11293 | Lair:2   | Received a gift from Okawaru
 11370 | Lair:2   | 11370 ||| READING 5 scrolls of identify.
 11370 | Lair:2   | 11370 ||| IDENTIFYING brown potion
 11371 | Lair:2   | 11371 ||| DROPPING potion of brilliance.
 11390 | Lair:3   | Reached skill level 9 in Fighting
 11394 | Lair:3   | 11394 ||| INVOKING Heroism.
 11396 | Lair:3   | Noticed a boulder beetle
 11404 | Lair:3   | Killed a boulder beetle
 11407 | Lair:3   | Received a gift from Okawaru
 11416 | Lair:3   | 11416 ||| STAIRDANCE
 11501 | Lair:3   | 11501 ||| INVOKING Heroism.
 11505 | Lair:3   | Reached skill level 14 in Shields
 11505 | Lair:3   | 11505 ||| Stepping ~*~*~tactically~*~*~ (stealth).
 11509 | Lair:3   | Reached skill level 6 in Invocations
 11647 | Lair:3   | 11647 ||| INVOKING Heroism.
 11653 | Lair:3   | Noticed a seven-headed hydra
 11656 | Lair:3   | Killed a seven-headed hydra
 11663 | Lair:3   | 11663 ||| Stepping ~*~*~tactically~*~*~ (stealth).
 11728 | Lair:3   | Noticed a skyshark
 11735 | Lair:3   | Killed a skyshark
 11864 | Lair:3   | 11864 ||| Stepping ~*~*~tactically~*~*~ (stealth).
 12081 | Lair:3   | 12081 ||| Stepping ~*~*~tactically~*~*~ (stealth).
 12192 | Lair:3   | 12192 ||| READING 4 scrolls of identify.
 12192 | Lair:3   | 12192 ||| IDENTIFYING glowing white potion
 12255 | Lair:4   | 12255 ||| STAIRDANCE
 12260 | Lair:3   | Received a gift from Okawaru
 12363 | Lair:4   | Reached XP level 13. HP: 78/80 MP: 18/18
 13152 | Lair:5   | Entered Level 5 of the Lair of Beasts
 13154 | Lair:5   | 13154 ||| Stepping ~*~*~tactically~*~*~ (stealth).
 13181 | Lair:5   | 13181 ||| INVOKING Heroism.
 13199 | Lair:5   | Received a gift from Okawaru
 13207 | Lair:5   | Received a gift from Okawaru
 13238 | Lair:5   | 13238 ||| INVOKING Heroism.
 13268 | Lair:5   | Reached skill level 9 in Invocations
 13269 | Lair:5   | 13269 ||| Stepping ~*~*~tactically~*~*~ (stealth).
 13356 | Lair:5   | 13356 ||| INVOKING Heroism.
 13392 | Lair:5   | Reached skill level 12 in Axes
 13401 | Lair:5   | Reached ***** piety under Okawaru
 13410 | Lair:5   | 13410 ||| INVOKING Heroism.
 13461 | Lair:5   | Received a gift from Okawaru
 13470 | Lair:5   | 13470 ||| INVOKING Heroism.
 13520 | Lair:5   | 13520 ||| INVOKING Heroism.
 13521 | Lair:5   | 13521 ||| INVOKING Finesse.
 13522 | Lair:5   | 13522 ||| SWAPPING to +0 morningstar of draining.
 13536 | Lair:5   | 13536 ||| SWAPPING to +3 broad axe of the Black Skies
                  | {venom, SInv}.
 13588 | Lair:5   | 13588 ||| INVOKING Heroism.
 13651 | Lair:5   | Identified the +3 dagger of Rothriq {venom, Int+4}
 13676 | Lair:5   | 13676 ||| INVOKING Heroism.
 13705 | Lair:5   | 13705 ||| INVOKING Heroism.
 13715 | Lair:5   | Received a gift from Okawaru
 13718 | Lair:5   | 13718 ||| INVOKING Finesse.
 13742 | Lair:5   | 13742 ||| INVOKING Heroism.
 13742 | Lair:5   | HP: 13/82 [death yak (17)]
 13743 | Lair:5   | 13743 ||| READING 6 scrolls of teleportation.
 13746 | Lair:5   | Slain by a death yak

Levels and vault maps discovered:
D:1:      amcnicky_arrival_wind_blow, layout_basic
D:2:      layout_basic
D:3:      layout_basic, serial_shops, shop, hellmonk_ecumenical_altar_lost_god,
          uniq_robin, uniq_pargi
D:4:      minmay_evil_eye, layout_gridville, minmay_temple_entry_waves
D:5:      layout_gridville, nemelex_xobeh_ov_fountains_minmay, uniq_eustachio
D:6:      layout_rooms
D:7:      layout_basic, mainiacjoe_overflow_large_starburst, tso_metal_star,
          kennysheep_mini, nicolae_ossuary_entry_false_entrances,
          kennysheep_decorative_pillar, minmay_small_thing, uniq_joseph,
          uniq_crazy_yiuf_cottage
D:8:      layout_loops_ring, mainiacjoe_overflow_24_doors,
          grunt_ashenzari_visionary [grunt_ashenzari_visionary_shoals,
          grunt_ashenzari_visionary_snake], mainiacjoe_overflow_six_doors_small,
          mainiacjoe_overflow_surrounded_room
D:9:      layout_cave_pools, mainiacjoe_overflow_alcove_1,
          beargit_hepliaklqana_dungeon_heroes, lemuel_crystal_altar, erik_orc_1,
          serial_bayou, serial_bayou_lake_a, serial_bayou_pond_d,
          serial_bayou_pond_c, serial_bayou_ford_a, minivault_16
D:10:     layout_irregular_city, erik_lair_orcish_takeover, enter_bailey_4
D:11:     layout_stronghold, uniq_urug
Temple:   chequers_temple_sunken
Lair:1:   layout_chaotic_city, nicolae_volcano_entry_lava_flow
Lair:2:   beargit_carnivore_pack, layout_chaotic_city,
          minmay_shoals_entry_centaurs, minmay_snake_entry_guardpost_small,
          serial_bayou_lagoon_b, uniq_maggie, uniq_nergalle
Lair:3:   layout_loops_ring, serial_bayou_crossing, grunt_megastairs_2
Lair:4:   layout_layer_cave
Lair:5:   minmay_lair_end_frog_pond, layout_regular_city,
          nicolae_slime_entry_slimehenge

Skill      XL: |  1  2  3  4  5  6  7  8  9 10 11 12 13 |
---------------+----------------------------------------+-----
Axes           | 2 3 4 5 7 8 9 10 11 12 | 12.2
Shields        | 11 13 14 | 14.8
Throwing       | 1 3 4 |  4.0
Dodging        | 1 2 |  2.6
Fighting       | 4 6 7 8 9 10 | 10.0
Armour         | 4 5 7 8 |  8.0
Invocations    | 4 7 10 | 10.0

Action                     |  1- 3 |  4- 6 |  7- 9 | 10-12 | 13-15 || total
---------------------------+-------+-------+-------+-------+-------++-------
  Melee: War axe           |    56 |   135 |     1 |       |       ||   192
         Broad axe         |       |       |   200 |   444 |   213 ||   857
         Morningstar       |       |       |       |       |    13 ||    13
  Throw: Boomerang         |     7 |    43 |    71 |    95 |    48 ||   264
         Javelin           |       |       |       |     1 |    21 ||    22
 Invoke: Heroism           |       |       |     1 |    28 |    10 ||    39
         Finesse           |       |       |       |       |     2 ||     2
    Use: Scroll            |     6 |     2 |     9 |    11 |     1 ||    29
         Potion            |     3 |       |     1 |     1 |       ||     5
 Armour: Scale mail        |    23 |    98 |       |       |       ||   121
         Ring mail         |       |       |    11 |       |       ||    11
         Chain mail        |       |       |    41 |    75 |       ||   116
         Plate armour      |       |       |       |    79 |    89 ||   168
  Dodge: Dodged            |    21 |    53 |    41 |    90 |    53 ||   258
  Block: Buckler           |     6 |       |       |       |       ||     6
         Kite shield       |       |    91 |   148 |   168 |       ||   407
         Reflection        |       |       |    11 |     8 |       ||    19
         Tower shield      |       |       |       |   287 |   271 ||   558

Table legend:
 A = Non-vault XP
 B = Vault XP
 C = Vault XP percentage of total XP
 D = Non-vault monster count
 E = Vault monster count
 F = Vault count percentage of total count
                 A         B        C        D         E       F
            +---------+---------+-------+---------+---------+-------
      Total |   35886 |   17652 |  33.0 |     267 |     125 |  31.9
            +---------+---------+-------+---------+---------+-------
        D:1 |      17 |       0 |   0.0 |      10 |       0 |   0.0
        D:2 |      24 |       0 |   0.0 |      14 |       0 |   0.0
        D:3 |      40 |     169 |  80.9 |      10 |      13 |  56.5
        D:4 |     385 |       9 |   2.3 |      24 |       3 |  11.1
        D:5 |     430 |     203 |  32.1 |      15 |       1 |   6.2
        D:6 |     354 |       0 |   0.0 |       4 |       0 |   0.0
        D:7 |    1323 |    1095 |  45.3 |      19 |       3 |  13.6
        D:8 |    1957 |       0 |   0.0 |      29 |       0 |   0.0
        D:9 |    2715 |     677 |  20.0 |      18 |      18 |  50.0
       D:10 |     647 |     553 |  46.1 |      13 |      12 |  48.0
     Lair:1 |    3642 |       0 |   0.0 |      15 |       0 |   0.0
     Lair:2 |    6136 |    2743 |  30.9 |      28 |      10 |  26.3
     Lair:3 |    5932 |    2026 |  25.5 |      20 |       7 |  25.9
     Lair:4 |    2356 |       0 |   0.0 |      10 |       0 |   0.0
     Lair:5 |    9928 |   10150 |  50.6 |      38 |      33 |  46.5
    Ossuary |       0 |      27 | 100.0 |       0 |      25 | 100.0
            +---------+---------+-------+---------+---------+-------
